 Dungeon Crawl Stone Soup version 0.26-a0-1049-g242049e08c (webtiles) character file.

Game seed: 1650648217509670635

4909 Morbidden the Thaumaturge (level 10, 0/79 HPs)
             Began as a Demonspawn Wanderer on Dec 11, 2020.
             Was a Priest of Vehumet.
             Slain by a killer bee (7 damage)
             ... on level 8 of the Dungeon on Dec 12, 2020.
             The game lasted 00:17:36 (11134 turns).

Morbidden the Thaumaturge (Demonspawn Wanderer)    Turns: 11134, Time: 00:17:37

Health: 0/79       AC:  7    Str: 13    XL:     10   Next: 27%
Magic:  22/22      EV: 14    Int: 18    God:    Vehumet [***...]
Gold:   1164       SH:  3    Dex: 11    Spells: 25/26 levels left

rFire    + . .     SeeInvis .   C - +9 sword of Zonguldrok {reap}
rCold    + . .     Faith    .   v - +0 buckler
rNeg     . . .     Spirit   .   r - +1 ring mail {rC+}
rPois    .         Reflect  .   (no helmet)
rElec    .         Harm     .   j - +0 cloak
rCorr    .         Rampage  .   (no gloves)
Will     .....                  (no boots)
Stlth    +.........             (no amulet)
HPRegen  0.23/turn              (no ring)
MPRegen  0.18/turn              (no ring)

@: lethally poisoned (0 -> -3), marked, repel missiles
A: repulsion field 3, fire resistance 1, powered by death 2
a: Renounce Religion


You were on level 8 of the Dungeon.
You worshipped Vehumet.
Vehumet was most pleased with you.
You visited 2 branches of the dungeon, and saw 9 of its levels.
You also visited: Bailey.

You collected 1264 gold pieces.
You spent 100 gold pieces at shops.

Inventory:

Hand Weapons
 C - the +9 sword of Zonguldrok (weapon) {reap}
   (You found it on level 6 of the Dungeon)

   If a monster killed with it leaves a corpse in good enough shape, the corpse
   is reanimated as a zombie friendly to the killer.
 D - the +8 trident of the Octopus King {venom, rElec rPois Will+}
   (You found it in a bailey)

   It poisons the flesh of those it strikes.
   It insulates you from electricity.
   It protects you from poison.
   It affects your willpower, your defense against some magical effects.
Missiles
 i - 4 datura-tipped darts
 w - 5 throwing nets
Armour
 j - a +0 cloak (worn)
 r - a +1 ring mail of cold resistance (worn)
 v - a +0 buckler (worn)
Jewellery
 l - an uncursed ring of fire
 s - an uncursed ring of flight
Wands
 u - a wand of disintegration (9)
Scrolls
 b - 2 scrolls of blinking
 g - 3 scrolls of fear
 h - 4 scrolls of remove curse
 k - 2 scrolls of amnesia
 m - 12 scrolls of identify
 n - 6 scrolls of teleportation
 p - a scroll of fog {unknown}
 y - 2 scrolls of random uselessness {unknown}
 z - a scroll of torment {unknown}
 B - a scroll of immolation {unknown}
Potions
 a - a potion of haste {unknown}
 c - a potion of brilliance {unknown}
 d - 4 potions of curing
 e - a potion of berserk rage {unknown}
 f - a potion of magic {unknown}
 o - 4 potions of flight {unknown}
 q - 2 potions of lignification {unknown}
 t - a potion of degeneration {unknown}
 x - a potion of attraction {unknown}
 A - a potion of ambrosia {unknown}
 E - a potion of mutation {unknown}


   Skills:
 * Level 7.0 Fighting
 + Level 2.1(4.1) Short Blades
 * Level 5.4(5.6) Long Blades
 + Level 1.0 Throwing
 + Level 2.8 Armour
 + Level 1.9 Dodging
 + Level 2.7 Stealth
 + Level 0.3 Shields
 * Level 8.9 Spellcasting
 + Level 1.0 Hexes
 + Level 1.1 Necromancy
 + Level 4.7 Transmutations
 + Level 5.3 Poison Magic
 + Level 0.6 Evocations


You had 25 spell levels left.
You knew the following spells:

 Your Spells              Type           Power        Failure   Level
a - Sting                 Tmut/Pois      ####         3%          1

Your spell library contained the following spells:

 Spells                   Type           Power        Failure   Level
 Stone Arrow              Conj/Erth      #.....       22%         3
 Mephitic Cloud           Conj/Pois/Air  ##......     11%         3
 Animate Skeleton         Necr           ##....       19%         1
 Pain                     Necr           ##..         19%         1
 Vampiric Draining        Necr           ##........   50%         3
 Confusing Touch          Hex            ##......     52%         3
 Yara's Violent Unravell  Hex/Tmut       ###.......   52%         5
 Gell's Gravitas          Tloc           #.........   65%         3
 Petrify                  Tmut/Erth      ###.....     75%         4
 Animate Dead             Necr           ##........   88%         4
 Agony                    Necr           ##......     99%         5
 Metabolic Englaciation   Hex/Ice        #.........   100%        5


Dungeon Overview and Level Annotations

Branches:
Dungeon (8/15)             Temple (1/1) D:4          Bailey (visited)
   Lair: D:8-11

Altars:
Ashenzari
Cheibriados
Dithmenos
Elyvilon
Fedhas
Gozag
Hepliaklqana
Kikubaaqudgha
Makhleb
Okawaru
Qazlal
Ru
Trog
Uskayaw
Vehumet
Xom
Yredelemnul
The Shining One

Shops:
D:5 [[(:?   D:7 [(}?

Annotations:
D:4 1 runed translucent door
D:8 Harold


Innate Abilities, Weirdness & Mutations

You are surrounded by a strong repulsion field. (EV +4, RMsl)
Your flesh is heat resistant. (rF+)
You regenerate health from kills.


Message History

The killer bee buzzes angrily.
Harold points at you and mumbles some strange words.
A sentinel's mark forms upon you. Harold gestures at you while chanting.
The mark upon you grows brighter.
You see here a throwing net.
The killer bee stings you.
* * * LOW HITPOINT WARNING * * *
The killer bee stings you.
* * * LOW HITPOINT WARNING * * *
You are poisoned.
The killer bee poisons you!
You feel sick. The killer bee stings you.
* * * LOW HITPOINT WARNING * * *
Unknown command.
You feel better. The killer bee stings you!
* * * LOW HITPOINT WARNING * * *
You are poisoned.
The killer bee poisons you! The killer bee stings you!
You die...

.. .......# . # #.
.... .# .# #.#. ..# .#
..# ###.#.####.# .# ..
#..........##.#.####
.................[..
#...(.......#
#..y###.....# #.#@#
#.....# #.#.# #.....#
#.#.#.#.###.....#
........[.........
..#.#.#.#######.##.
##.#.#.# .#
#######....#.#.# .
............#.# .##
#...........#.#####...
.. #.


You could see a killer bee.

Vanquished Creatures
  A two-headed ogre (D:8)
  Pikel (D:5)
  Duvessa (D:5)
  An orc warrior (D:7)
  3 sky beasts (D:7)
  2 ice beasts (D:5)
  3 ogres
  3 phantoms (D:7)
  A centaur (D:7)
  A big kobold (D:7)
  2 bullfrogs (D:7)
  8 gnoll sergeants (Bailey)
  Dowan (D:5)
  3 scorpions
  4 killer bees (D:8)
  5 wights (D:6)
  3 howler monkeys
  A jelly (D:7)
  3 centaur zombies
  3 orc priests
  4 hounds
  5 orc wizards
  5 gnoll shamans (Bailey)
  A bullfrog skeleton (D:5)
  2 iguanas
  5 worker ants
  A worker ant zombie (D:6)
  21 gnolls
  9 adders
  2 shadow imps (D:5)
  2 ufetubi
  2 oozes
  3 worms
  3 dart slugs
  3 leopard geckos
  20 orcs
  6 giant cockroaches
  10 goblins
  5 hobgoblins
  2 quokkas
  9 bats
  3 frilled lizards
  A jackal skeleton (D:7)
  9 kobolds
  A leopard gecko skeleton (D:4)
  A leopard gecko zombie (D:5)
  6 rats
191 creatures vanquished.

Vanquished Creatures (collateral kills)
  A hound (D:7)
  A gnoll shaman (Bailey)
  An orc priest (D:8)
  An orc (D:8)
  A goblin (D:8)
5 creatures vanquished.

Vanquished Creatures (others)
  An orc (D:7)
  4 fungi (D:7)
  6 plants (D:7)
11 creatures vanquished.

Grand Total: 207 creatures vanquished

Notes
Turn   | Place    | Note
-------+----------+-------------------------------------------
     0 | D:1      | Morbidden the Demonspawn Wanderer began the quest for the
                  | Orb.
     0 | D:1      | Morbidden set off with the following items: a +2 dagger, a
                  | scroll of blinking, a potion of curing, a +0 robe; and the
                  | following spell memorised: Sting; and the following spells
                  | available to memorise: Mephitic Cloud
     0 | D:1      | Reached XP level 1. HP: 13/13 MP: 7/7
   574 | D:1      | Gained mutation: You regenerate a little health from kills.
                  | [demonic ancestry]
   574 | D:1      | Reached XP level 2. HP: 2/19 MP: 5/9
  2196 | D:2      | Gained mutation: You are surrounded by a mild repulsion
                  | field. (EV +2) [demonic ancestry]
  2196 | D:2      | Reached XP level 3. HP: 25/25 MP: 10/10
  2275 | D:2      | Reached skill level 1 in Poison Magic
  2697 | D:2      | Reached skill level 1 in Fighting
  2697 | D:2      | Reached XP level 4. HP: 16/32 MP: 1/12
  2967 | D:2      | Reached skill level 1 in Transmutations
  3608 | D:3      | Reached XP level 5. HP: 26/38 MP: 0/14
  4162 | D:3      | You fall into a shaft and drop 1 floor!
  4162 | D:4      | Found a runed translucent door.
  4162 | D:4      | Found a glowing golden altar of the Shining One.
  4163 | D:4      | Noticed an angel
  4173 | D:4      | Noticed an ogre
  4201 | D:4      | Killed an ogre
  4210 | D:4      | Gained mutation: You are surrounded by a moderate repulsion
                  | field. (EV +3) [demonic ancestry]
  4210 | D:4      | Reached XP level 6. HP: 33/44 MP: 6/15
  4326 | D:4      | Reached skill level 1 in Short Blades
  4349 | D:4      | Found a staircase to the Ecumenical Temple.
  4367 | Temple   | Entered the Ecumenical Temple
  4427 | Temple   | Became a worshipper of Vehumet
  5132 | D:5      | Entered Level 5 of the Dungeon
  5160 | D:4      | Reached skill level 7 in Spellcasting
  5283 | D:5      | Found Woijunol's Book Shop.
  5338 | D:5      | Found Yruatoih's Weapon Shop.
  5344 | D:5      | Found Luunufra's Antique Armour Boutique.
  5352 | D:5      | Gained mutation: You are surrounded by a strong repulsion
                  | field. (EV +4, RMsl) [demonic ancestry]
  5352 | D:5      | Reached XP level 7. HP: 36/52 MP: 12/17
  5533 | D:5      | Bought a glowing leather armour for 100 gold pieces
  5534 | D:5      | Noticed Pikel
  5579 | D:5      | Killed Pikel
  5580 | D:5      | Reached skill level 1 in Dodging
  5793 | D:5      | Found Vano's Magic Scroll Shop.
  5874 | D:5      | Noticed Dowan
  5877 | D:5      | Noticed Duvessa
  5924 | D:5      | Gained mutation: You regenerate health from kills. [demonic
                  | ancestry]
  5924 | D:5      | Reached XP level 8. HP: 38/60 MP: 14/19
  5929 | D:5      | Killed Duvessa
  5965 | D:5      | Killed Dowan
  6270 | D:5      | Found an iron altar of Okawaru.
  6699 | D:5      | Found Covveuf's Armour Shop.
  6729 | D:5      | Reached skill level 8 in Spellcasting
  6735 | D:5      | Reached skill level 5 in Fighting
  7125 | D:6      | Reached * piety under Vehumet
  7125 | D:6      | Offered knowledge of Foxfire by Vehumet.
  7669 | D:6      | Reached skill level 5 in Poison Magic
  7692 | D:6      | Gained mutation: Your flesh is heat resistant. (rF+)
                  | [demonic ancestry]
  7692 | D:6      | Reached XP level 9. HP: 38/68 MP: 16/21
  7926 | D:6      | Found the +9 sword of Zonguldrok {reap}
  8301 | D:7      | Found a broken altar of Ashenzari.
  8313 | D:7      | Reached skill level 1 in Armour
  8381 | D:7      | Found Xeimp's Weapon Shoppe.
  8466 | D:7      | Reached skill level 1 in Long Blades
  8611 | D:7      | Found a blossoming altar of Fedhas.
  8613 | D:7      | Found Vyg Furr's Gadget Shoppe.
  8657 | D:7      | Found Gocsumne's Armour Boutique.
  8908 | D:7      | Found Cisunuoh's Magic Scroll Emporium.
  8965 | D:7      | Upgraded the game from 0.26-a0-1038-gfb849e850a to
                  | 0.26-a0-1049-g242049e08c
  9128 | D:8      | Found a flagged portal.
  9138 | D:8      | Offered knowledge of Shock by Vehumet.
  9140 | D:8      | Reached ** piety under Vehumet
  9148 | Bailey   | Entered a bailey
  9640 | Bailey   | Found the +8 trident of the Octopus King {venom, rElec
                  | rPois Will+}
  9671 | Bailey   | Offered knowledge of Stone Arrow by Vehumet.
  9851 | Bailey   | Reached XP level 10. HP: 74/77 MP: 17/22
 10186 | D:8      | Noticed a two-headed ogre
 10192 | D:8      | Killed a two-headed ogre
 10193 | D:8      | Reached skill level 5 in Long Blades
 11086 | D:8      | Reached *** piety under Vehumet
 11117 | D:8      | Noticed Harold
 11134 | D:8      | Slain by a killer bee

Illustrated notes

Levels and vault maps discovered:
D:1:      nagdon_arrival_double_spiral, layout_loops_corners
D:2:      layout_basic, minmay_strange_pillars
D:3:      layout_basic, due_unseen_surprise
D:4:      layout_cave_pools, minmay_temple_entry_wispy, lemuel_angel_altar
D:5:      layout_loops_corners, serial_shops, shop, shop_statue, shop,
          shop_statue, shop, okawaru_metal_pillars_3, uniq_duvessa, uniq_pikel
D:6:      layout_basic, minmay_misc_feat_five
D:7:      layout_basic, kennysheep_mini, serial_shops, kennysheep_little_box,
          shop_scrolls, shop_statue, shop, minivault_1, fedhas_altar_3
D:8:      layout_basic, enter_bailey_5, patterned_corridor, uniq_harold,
          uniq_gastronok
Temple:   grunt_wide_crystal_templ

Skill      XL: |  1  2  3  4  5  6  7  8  9 10 |
---------------+-------------------------------+-----
Poison Magic   | 1 2 3 5 |  5.3
Fighting       | 1 2 3 4 5 6 7 |  7.0
Transmutations | 1 2 3 4 |  4.7
Short Blades   | 1 2 |  2.1
Spellcasting   | 7 8 |  8.9
Dodging        | 1 |  1.9
Armour         | 2 |  2.8
Stealth        | 2 |  2.7
Long Blades    | 4 5 |  5.4
Throwing       | |  1.0
Shields        | |  0.3
Hexes          | |  1.0
Necromancy     | |  1.1
Evocations     | |  0.6

Action                   |  1- 3 |  4- 6 |  7- 9 | 10-12 || total
-------------------------+-------+-------+-------+-------++-------
Melee: Dagger            |    35 |    34 |    11 |       ||    80
       Short sword       |       |       |    63 |       ||    63
       Double sword      |       |       |   144 |    51 ||   195
 Cast: Sting             |    79 |   124 |   140 |       ||   343
Evoke: Wand              |       |       |    13 |       ||    13
  Use: Scroll            |       |     3 |     3 |       ||     6
       Potion            |       |     1 |     1 |     1 ||     3
 Stab: Sleeping          |     3 |       |       |       ||     3
Armor: Robe              |    25 |     8 |     8 |       ||    41
       Ring mail         |       |       |    67 |    18 ||    85
       Crystal plate arm |       |       |    79 |       ||    79
Dodge: Dodged            |    51 |    71 |   226 |    31 ||   379
       Repelled          |       |       |     1 |       ||     1
Block: Buckler           |       |       |    52 |     3 ||    55
       Rpst.: Double sword |       |       |    37 |    13 ||    50

Table legend: (Time is in decaauts)
 A = Elapsed time spent in this place.
 B = Non-inter-level travel time spent in this place.
 C = Inter-level travel time spent in this place.
 D = Time resting spent in this place.
 E = Time spent auto-exploring this place.
 F = Levels seen in this place.
 G = Mean time per level.
                   A        B        C        D        E       F      G
               +--------+--------+--------+--------+--------+-----+--------+
         Total |  11200 |  10902 |    298 |   1370 |   7634 |  10 | 1120.0 |
       Dungeon |  10103 |   9805 |    298 |   1132 |   7178 |   8 | 1262.9 |
        Temple |     71 |     71 |      0 |      0 |     44 |   1 |   71.0 |
        Bailey |   1025 |   1025 |      0 |    238 |    412 |   1 | 1025.0 |
               +--------+--------+--------+--------+--------+-----+--------+

Top non-repeatable levels by time:
     D:5: 1965 daAuts
     D:1: 1895 daAuts
     D:2: 1529 daAuts
  Bailey: 1025 daAuts
     D:8: 1022 daAuts
     D:6: 1007 daAuts
     D:3: 926 daAuts
     D:7: 908 daAuts
     D:4: 848 daAuts
  Temple: 71 daAuts
